Gulls vs Americans

Created - March 18, 2025 at 19:35

Goals
1 2 3 OT1 T
Gulls 1 0 4 1 6
Americans 3 2 0 0 5
Shots
1 2 3 OT1 T
Gulls 8 11 16 2 37
Americans 14 10 9 1 34

1st period

1. Americans , Michael McCarron 15 (Matt Grzelcyk 18, John Leonard 7) at 0:50
2. Americans , Teemu Pulkkinen 18 (Adam Brooks 8) at 13:34
3. Americans , Vladimir Tkachev 18 (Ryan Fitzgerald 29, Jacob Larsson 13) at 15:12
4. Gulls , Logan Brown 23 (Kailer Yamamoto 36) at 18:39

Penalties :
Zachary Senyshyn (Roc) for High sticking (Minor) at 1:35

2nd period

5. Americans , Adam Brooks 3 (Teemu Pulkkinen 26, Dillon Heatherington 14) at 8:09 (PP)
6. Americans , Vladimir Tkachev 19 (Dillon Heatherington 15, Ryan Fitzgerald 30) at 11:24

Penalties :
Markus Niemelainen (S.D) for Interference (Minor) at 2:56, Jakub Vrana (S.D) for Roughing (Minor) at 7:56, Alex Schoenborn (Roc) for Tripping (Minor) at 12:26, John Leonard (Roc) for Slashing (Double Minor) at 17:59

3rd period

7. Gulls , Anton Blidh 33 (Andrei Mironov 19, Morgan Frost 36) at 0:06 (PP)
8. Gulls , Mikhail Maltsev 9 (Troy Terry 13, Tarmo Reunanen 15) at 6:23
9. Gulls , Jakub Vrana 27 (Jack Glover 12, Sergey Tolchinsky 22) at 10:16
10. Gulls , Troy Terry 15 (Luke Kunin 10) at 12:04

Penalties :
Jack Glover (S.D) for High sticking (Minor) at 1:13, Anton Blidh (S.D) for Delaying the game (Minor) at 14:23

Overtime #1

11. Gulls , Logan Brown 24 (Andrei Mironov 20) at 1:44

Penalties :
No Penalty

Goalie Stats

Eamon McAdam (S.D), 10 saves from 10 shots - (1.000), W, 5-7-2, 30:20 minutes
Louis Domingue (S.D), 19 saves from 24 shots - (0.792), 31:24 minutes
Connor Hellebyuk (Roc), 31 saves from 37 shots - (0.838), OTL, 26-20-4, 61:44 minutes

Players Stats for Gulls

Player Name              G  A  P  +/- PIM S  H  SB GA TA FO     MP     PP MP  PK MP  
------------------------------------------------------------------------------------
Andrei Mironov           0  2  2   0  0   2  0  5  1  2  0/0    24:34   3:01   0:46 
Anton Blidh              1  0  1   0  2   2  5  0  0  0  2/2    22:33   3:19   1:13 
Dean Kukan               0  0  0   0  0   1  0  1  0  0  0/0    28:32   3:01   3:30 
Dylan DeMelo             0  0  0   0  0   0  1  1  0  1  0/0    20:58   3:04   3:16 
Jack Glover              0  1  1  -1  2   1  1  0  0  0  0/0    17:18   0:00   1:35 
Jakub Vrana              1  0  1   2  2   1  1  0  1  1  0/2    16:40   2:41   0:00 
Kailer Yamamoto          0  1  1   0  0   3  0  0  0  0  1/5    20:09   3:19   0:00 
Kirby Dach               0  0  0  -1  0   0  0  0  0  0  2/2     7:38   0:05   0:34 
Logan Brown              2  0  2   1  0   8  0  0  0  0  6/18   19:30   2:41   0:00 
Luke Kunin               0  1  1   0  0   4  0  1  1  0  1/11   15:07   0:00   3:07 
Markus Niemelainen       0  0  0   1  2   0  0  0  0  0  0/0    14:41   0:00   1:50 
Mikhail Maltsev          1  0  1   0  0   4  1  0  0  0  1/1    11:52   0:05   0:33 
Morgan Frost             0  1  1   1  0   2  3  0  0  0  12/22  18:29   3:19   2:29 
Pavel Dorofeyev          0  0  0  -1  0   1  0  0  0  0  0/0     6:33   0:00   0:00 
Scott Wilson             0  0  0  -1  0   1  0  0  0  0  0/0     7:54   0:05   1:01 
Sergey Tolchinsky        0  1  1   1  0   3  1  0  0  0  2/3    18:49   2:41   3:23 
Tarmo Reunanen           0  1  1   1  0   0  0  0  0  0  0/0    16:40   3:04   1:23 
Troy Terry               1  1  2   0  0   4  2  0  0  1  0/0    11:01   0:00   0:00 

Players Stats for Americans

Player Name              G  A  P  +/- PIM S  H  SB GA TA FO     MP     PP MP  PK MP  
------------------------------------------------------------------------------------
Adam Brooks              1  1  2  -2  0   4  4  1  0  0  24/32  23:26   3:16   4:04 
Alex Schoenborn          0  0  0   0  2   1  0  0  0  1  0/0    11:54   0:00   0:00 
Daniel Sprong            0  0  0   1  0   1  1  0  0  0  0/1    16:45   2:37   0:00 
Devon Teows              0  0  0  -1  0   1  2  3  0  0  0/0    28:46   3:25   3:39 
Dillon Heatherington     0  2  2  -2  0   1  1  3  1  1  0/0    29:52   3:25   3:39 
Jacob Larsson            0  1  1   2  0   0  2  0  0  0  0/0    20:36   2:45   2:26 
John Leonard             0  1  1   0  4   4  1  0  1  0  0/0    11:27   0:00   0:00 
Matt Grzelcyk            0  1  1   2  0   1  2  0  1  1  0/0    20:36   2:45   2:26 
Maxim Mamin              0  0  0   0  0   0  0  0  0  0  0/1     2:32   0:17   0:11 
Michael McCarron         1  0  1   0  0   3  2  0  0  0  2/5    11:51   0:17   0:00 
Nathan Noel              0  0  0   0  0   0  0  1  0  0  2/4     7:55   0:00   0:51 
Richard Nejezchleb       0  0  0  -1  0   3  4  1  0  0  1/2    20:51   3:16   1:37 
Ryan Fitzgerald          0  2  2   1  0   4  3  0  1  0  6/11   19:13   2:37   1:37 
Samuel Bolduc            0  0  0  -1  0   0  2  1  0  0  0/0    10:57   0:00   0:00 
Spencer Stastney         0  0  0  -1  0   0  2  0  0  0  0/0    10:57   0:00   0:00 
Teemu Pulkkinen          1  1  2  -2  0   6  3  5  0  0  4/10   28:18   3:33   3:43 
Vladimir Tkachev         2  0  2   1  0   5  1  0  1  0  0/0    16:52   2:37   0:07 
Zachary Senyshyn         0  0  0   0  2   0  0  0  0  0  0/0     6:16   0:00   0:00 

3 Stars

1 - Logan Brown (S.D)
2 - Vladimir Tkachev (Roc)
3 - Troy Terry (S.D)

Power Play

Gulls - 1 on 4 Attempt(s) - 25.00%
Americans - 1 on 4 Attempt(s) - 25.00%

Penalty Kill

Gulls - 3 on 4 Attempt(s) - 75.00% - Score 0 goal in Penalty Kill
Americans - 3 on 4 Attempt(s) - 75.00% - Score 0 goal in Penalty Kill

Team Stat

Gulls - Hits : 15 - Faceoff Wins : 27 - Blocked Shots : 8 - Penalty Minutes : 8
Americans - Hits : 30 - Faceoff Wins : 39 - Blocked Shots : 15 - Penalty Minutes : 8

Official

Referees : Chris Schlenker and Eric Furlatt
Linesman : Kory Nagy and Greg Devorski

Game Notes

Eamon McAdam enters game at 11:24 of 2nd period

Finance

Level 1 -- Attendance: 1710 (85.50%) -- Ticket Income $119,700
Level 2 -- Attendance: 849 (84.90%) -- Ticket Income $33,960
Total Attendance: 2559 (85.30%)
Total Ticket Income: $153,660
Other Income: $7,683
Total Income: $161,343

Gulls

5 vs 5 Forward 
   Center                   Left Wing                Right Wing               Time % Phy DF OF 
 1 Logan Brown              Anton Blidh              Kailer Yamamoto          35     0   2  3  
 2 Morgan Frost             Sergey Tolchinsky        Jakub Vrana              30     0   2  3  
 3 Luke Kunin               Mikhail Maltsev          Troy Terry               25     0   2  3  
 4 Kirby Dach               Pavel Dorofeyev          Scott Wilson             10     1   2  2  

5 vs 5 Defense 
   Defense                  Defense                                           Time % Phy DF OF 
 1 Dean Kukan               Andrei Mironov                                    40     0   2  3  
 2 Dylan DeMelo             Jack Glover                                       30     0   2  3  
 3 Markus Niemelainen       Tarmo Reunanen                                    20     0   2  3  
 4 Dean Kukan               Andrei Mironov                                    10     0   2  3  

PowerPlay Forward 
   Center                   Left Wing                Right Wing               Time % Phy DF OF 
 1 Morgan Frost             Anton Blidh              Kailer Yamamoto          60     0   1  4  
 2 Logan Brown              Sergey Tolchinsky        Jakub Vrana              40     0   1  4  

PowerPlay Defense
   Defense                  Defense                                           Time % Phy DF OF 
 1 Dean Kukan               Andrei Mironov                                    60     1   2  2  
 2 Dylan DeMelo             Tarmo Reunanen                                    40     1   2  2  

Penalty Kill 4 Players Forward 
   Center                   Wing                     Time % Phy DF OF 
 1 Luke Kunin               Sergey Tolchinsky        60     1   2  2  
 2 Morgan Frost             Scott Wilson             40     1   2  2  

Penalty Kill 4 Players Defense
   Defense                  Defense                  Time % Phy DF OF 
 1 Dean Kukan               Dylan DeMelo             60     1   2  2  
 2 Jack Glover              Markus Niemelainen       40     1   2  2  

Penalty Kill - 3 Players Forward 
   Forward                                           Time % Phy DF OF 
 1 Kirby Dach                                        60     1   2  2  
 2 Morgan Frost                                      40     1   2  2  

Penalty Kill - 3 Players Defense
   Defense                  Defense                  Time % Phy DF OF 
 1 Andrei Mironov           Dylan DeMelo             60     1   2  2  
 2 Tarmo Reunanen           Jack Glover              40     1   2  2  

4 vs 4 Forward 
   Center                   Wing                     Time % Phy DF OF 
 1 Logan Brown              Scott Wilson             60     1   2  2  
 2 Morgan Frost             Troy Terry               40     1   2  2  

4 vs 4 Defense
   Defense                  Defense                  Time % Phy DF OF 
 1 Markus Niemelainen       Tarmo Reunanen           60     1   2  2  
 2 Dylan DeMelo             Jack Glover              40     1   2  2  

Last Minutes Offensive
   Center                   Left Wing                Right Wing               Defense                  Defense                  
   Logan Brown              Anton Blidh              Jakub Vrana              Dean Kukan               Andrei Mironov           

Last Minutes Defensive
   Center                   Left Wing                Right Wing               Defense                  Defense                  
   Logan Brown              Anton Blidh              Jakub Vrana              Dean Kukan               Andrei Mironov           

Goaltenders
Starting : Louis Domingue           
Backup : Eamon McAdam             

Extra Forwards
Normal : Anton Blidh, Jakub Vrana, Kailer Yamamoto - PP : Jakub Vrana, Anton Blidh - PK : Sergey Tolchinsky
Extra Defensemen
Normal : Dean Kukan, Tarmo Reunanen, Dylan DeMelo - PP : Dean Kukan - PK : Tarmo Reunanen, Dean Kukan
Penalty Shots
Jakub Vrana, Logan Brown, Scott Wilson, Anton Blidh, Sergey Tolchinsky
Custom OT Lines Forwards
Jakub Vrana, Logan Brown, Kailer Yamamoto, Anton Blidh, Sergey Tolchinsky, Troy Terry, Morgan Frost, Luke Kunin, Scott Wilson, Pavel Dorofeyev
Custom OT Lines Defensemen
Dean Kukan, Andrei Mironov, Dylan DeMelo, Jack Glover, Tarmo Reunanen

Scratches
Branden Troock (Healthy), Damien Giroux (Healthy), Jake Pivonka (Healthy), Francis Perron (Healthy), Henri Ikonen (Healthy)
Ryan Collins (Healthy), Taylor Leier (Healthy), MacKenzie Entwistle (Healthy), Zack MacEwen (Healthy), Niklas Nordgren (Healthy)
Massimo Rizzo (Healthy), Drew Helleson (Healthy), Alexis Gravel (Healthy), Connor Ingram (Healthy), Mads Sogaard (Healthy)

Americans

5 vs 5 Forward 
   Center                   Left Wing                Right Wing               Time % Phy DF OF 
 1 Adam Brooks              Teemu Pulkkinen          Richard Nejezchleb       40     1   2  2  
 2 Ryan Fitzgerald          Vladimir Tkachev         Daniel Sprong            30     1   2  2  
 3 Michael McCarron         John Leonard             Alex Schoenborn          20     1   2  2  
 4 Nathan Noel              Teemu Pulkkinen          Zachary Senyshyn         10     1   2  2  

5 vs 5 Defense 
   Defense                  Defense                                           Time % Phy DF OF 
 1 Dillon Heatherington     Devon Teows                                       40     1   2  2  
 2 Matt Grzelcyk            Jacob Larsson                                     30     1   2  2  
 3 Spencer Stastney         Samuel Bolduc                                     20     1   2  2  
 4 Dillon Heatherington     Devon Teows                                       10     1   2  2  

PowerPlay Forward 
   Center                   Left Wing                Right Wing               Time % Phy DF OF 
 1 Adam Brooks              Teemu Pulkkinen          Richard Nejezchleb       60     1   2  2  
 2 Ryan Fitzgerald          Vladimir Tkachev         Daniel Sprong            40     1   2  2  

PowerPlay Defense
   Defense                  Defense                                           Time % Phy DF OF 
 1 Dillon Heatherington     Devon Teows                                       60     1   2  2  
 2 Matt Grzelcyk            Jacob Larsson                                     40     1   2  2  

Penalty Kill 4 Players Forward 
   Center                   Wing                     Time % Phy DF OF 
 1 Teemu Pulkkinen          Adam Brooks              60     1   2  2  
 2 Ryan Fitzgerald          Richard Nejezchleb       40     1   2  2  

Penalty Kill 4 Players Defense
   Defense                  Defense                  Time % Phy DF OF 
 1 Dillon Heatherington     Devon Teows              60     1   2  2  
 2 Matt Grzelcyk            Jacob Larsson            40     1   2  2  

Penalty Kill - 3 Players Forward 
   Forward                                           Time % Phy DF OF 
 1 Teemu Pulkkinen                                   60     1   2  2  
 2 Adam Brooks                                       40     1   2  2  

Penalty Kill - 3 Players Defense
   Defense                  Defense                  Time % Phy DF OF 
 1 Dillon Heatherington     Devon Teows              60     1   2  2  
 2 Matt Grzelcyk            Jacob Larsson            40     1   2  2  

4 vs 4 Forward 
   Center                   Wing                     Time % Phy DF OF 
 1 Teemu Pulkkinen          Adam Brooks              60     1   2  2  
 2 Ryan Fitzgerald          Richard Nejezchleb       40     1   2  2  

4 vs 4 Defense
   Defense                  Defense                  Time % Phy DF OF 
 1 Dillon Heatherington     Devon Teows              60     1   2  2  
 2 Matt Grzelcyk            Jacob Larsson            40     1   2  2  

Last Minutes Offensive
   Center                   Left Wing                Right Wing               Defense                  Defense                  
   Adam Brooks              Teemu Pulkkinen          Richard Nejezchleb       Dillon Heatherington     Devon Teows              

Last Minutes Defensive
   Center                   Left Wing                Right Wing               Defense                  Defense                  
   Adam Brooks              Teemu Pulkkinen          Richard Nejezchleb       Dillon Heatherington     Devon Teows              

Goaltenders
Starting : Connor Hellebyuk         
Backup : Peyton Jones             

Extra Forwards
Normal : Maxim Mamin, Michael McCarron, Nathan Noel - PP : Maxim Mamin, Michael McCarron - PK : Nathan Noel
Extra Defensemen
Normal : Spencer Stastney, Samuel Bolduc, Matt Grzelcyk - PP : Spencer Stastney - PK : Samuel Bolduc, Matt Grzelcyk
Penalty Shots
Teemu Pulkkinen, Adam Brooks, Ryan Fitzgerald, Richard Nejezchleb, Vladimir Tkachev
Custom OT Lines Forwards
Teemu Pulkkinen, Adam Brooks, Ryan Fitzgerald, Richard Nejezchleb, Vladimir Tkachev, Michael McCarron, Nathan Noel, Maxim Mamin, Daniel Sprong, Alex Schoenborn
Custom OT Lines Defensemen
Dillon Heatherington, Devon Teows, Matt Grzelcyk, Jacob Larsson, Spencer Stastney

Scratches
Peyton Krebs (Healthy), Xavier Bouchard (Healthy), Dmitri Semykin (Healthy), Lauri Pajuniemi (Healthy), Anthony Romano (Healthy)
Austin Wong (Healthy), Christopher Paquette (Healthy), Gianni Fairbrother (Healthy), Daniel Bukac (Healthy), Felix Bibeau (Healthy)
Simon Holmstrom (Healthy)

% Time on Ice - Gulls

Lines # - Real PCT - Wanted PCT - Time Play
Normal Forward
1 - 35% - 35% - 16:51
2 - 28% - 30% - 13:20
3 - 23% - 25% - 11:01
4 - 14% - 10% - 6:33
Normal Defense
1 - 41% - 40% - 19:21
2 - 31% - 30% - 14:55
3 - 24% - 20% - 11:31
4 - 4% - 10% - 1:58
PP Forward
1 - 56% - 60% - 3:24
2 - 44% - 40% - 2:41
PP Defense
1 - 50% - 60% - 3:01
2 - 50% - 40% - 3:04
PK Forward
1 - 84% - 60% - 5:09
2 - 16% - 40% - 1:01
PK Defense
1 - 54% - 60% - 3:19
2 - 46% - 40% - 2:51
PK3 Forward
1 - 0% - 60%
2 - 0% - 40%
PK3 Defense
1 - 0% - 60%
2 - 0% - 40%
44 Forward
1 - 0% - 60%
2 - 0% - 40%
44 Defense
1 - 0% - 60%
2 - 0% - 40%
Last Minute Offensive  - 0:00
Last Minute Defensive  - 0:00
Total
Forward - 60:00
Defense - 60:00

% Time on Ice - Americans

Lines # - Real PCT - Wanted PCT - Time Play
Normal Forward
1 - 32% - 40% - 15:13
2 - 32% - 30% - 15:22
3 - 23% - 20% - 10:54
4 - 13% - 10% - 6:16
Normal Defense
1 - 42% - 40% - 19:49
2 - 32% - 30% - 15:25
3 - 23% - 20% - 10:57
4 - 3% - 10% - 1:34
PP Forward
1 - 58% - 60% - 3:33
2 - 42% - 40% - 2:37
PP Defense
1 - 55% - 60% - 3:25
2 - 45% - 40% - 2:45
PK Forward
1 - 73% - 60% - 4:28
2 - 27% - 40% - 1:37
PK Defense
1 - 60% - 60% - 3:39
2 - 40% - 40% - 2:26
PK3 Forward
1 - 0% - 60%
2 - 0% - 40%
PK3 Defense
1 - 0% - 60%
2 - 0% - 40%
44 Forward
1 - 0% - 60%
2 - 0% - 40%
44 Defense
1 - 0% - 60%
2 - 0% - 40%
Last Minute Offensive  - 0:00
Last Minute Defensive  - 0:00
Total
Forward - 60:00
Defense - 60:00

Play-by-Play

1st period


0:01 of 1st period - Adam Brooks wins face-off versus Logan Brown in neutral zone.
0:26 of 1st period - Andrei Mironov is hit by Devon Teows and loses puck.
0:35 of 1st period - Wrist shot by Vladimir Tkachev.
0:35 of 1st period - Stopped by Louis Domingue without a rebound.
0:36 of 1st period - Michael McCarron wins face-off versus Luke Kunin in Gulls zone.
0:36 of 1st period - Michael McCarron is hit by Jack Glover.
0:42 of 1st period - Wrist shot by Michael McCarron.
0:42 of 1st period - Shot Misses the Net.
0:44 of 1st period - Slapshot by John Leonard.
0:44 of 1st period - Stopped by Louis Domingue with a rebound.
0:46 of 1st period - Slapshot by Matt Grzelcyk.
0:46 of 1st period - Deflect By Dylan DeMelo.
0:46 of 1st period - Stopped by Louis Domingue with a rebound.
0:48 of 1st period - Slapshot by Matt Grzelcyk.
0:48 of 1st period - Shot Misses the Net.
0:50 of 1st period - Slapshot by Matt Grzelcyk.
0:50 of 1st period - Deflect By Michael McCarron.
0:50 of 1st period - Goal by Michael McCarron - Gulls : 0 - Americans : 1.
0:51 of 1st period - Kirby Dach wins face-off versus Nathan Noel in neutral zone.
1:06 of 1st period - Wrist shot by Scott Wilson.
1:06 of 1st period - Shot Misses the Net.
1:16 of 1st period - Teemu Pulkkinen is hit by Anton Blidh and loses puck.
1:35 of 1st period - Minor Penalty to Zachary Senyshyn for High sticking.
1:36 of 1st period - Anton Blidh wins face-off versus Teemu Pulkkinen in Americans zone.
2:01 of 1st period - Wrist shot by Richard Nejezchleb.
2:01 of 1st period - Shot Blocked by Andrei Mironov.
3:31 of 1st period - Jakub Vrana is hit by Adam Brooks and loses puck.
3:35 of 1st period - Penalty to Zachary Senyshyn is over, Zachary Senyshyn is back on ice.
5:16 of 1st period - Icing by Troy Terry.
5:17 of 1st period - Morgan Frost wins face-off versus Nathan Noel in Gulls zone.
5:22 of 1st period - Snap shot by Sergey Tolchinsky.
5:22 of 1st period - Shot Blocked by Teemu Pulkkinen.
5:53 of 1st period - Wrist shot by John Leonard.
5:53 of 1st period - Stopped by Louis Domingue with a rebound.
5:55 of 1st period - Slapshot by Spencer Stastney.
5:55 of 1st period - Shot Hit the Post.
5:57 of 1st period - Wrist shot by Michael McCarron.
5:57 of 1st period - Stopped by Louis Domingue with a rebound.
5:59 of 1st period - Slapshot by Samuel Bolduc.
5:59 of 1st period - Shot Blocked by Luke Kunin.
6:01 of 1st period - Snap shot by John Leonard.
6:01 of 1st period - Stopped by Louis Domingue without a rebound.
6:02 of 1st period - Adam Brooks wins face-off versus Logan Brown in Gulls zone.
6:03 of 1st period - Snap shot by Teemu Pulkkinen.
6:03 of 1st period - Shot Misses the Net.
6:28 of 1st period - Jakub Vrana is hit by Dillon Heatherington and loses puck.
6:41 of 1st period - Snap shot by Ryan Fitzgerald.
6:41 of 1st period - Stopped by Louis Domingue without a rebound.
6:42 of 1st period - Teemu Pulkkinen wins face-off versus Logan Brown in Gulls zone.
8:21 of 1st period - Morgan Frost is hit by Matt Grzelcyk and loses puck.
9:22 of 1st period - Snap shot by Teemu Pulkkinen.
9:22 of 1st period - Stopped by Louis Domingue without a rebound.
9:23 of 1st period - Sergey Tolchinsky wins face-off versus Adam Brooks in Gulls zone.
9:23 of 1st period - Sergey Tolchinsky is hit by Adam Brooks.
9:35 of 1st period - Slapshot by Jakub Vrana.
9:35 of 1st period - Deflect By Dillon Heatherington.
9:35 of 1st period - Shot Misses the Net.
9:35 of 1st period - Puck is out of play.
9:36 of 1st period - Logan Brown wins face-off versus Ryan Fitzgerald in Americans zone.
10:02 of 1st period - Jakub Vrana is hit by Devon Teows and loses puck.
10:12 of 1st period - Off-side.
10:13 of 1st period - Adam Brooks wins face-off versus Logan Brown in neutral zone.
11:03 of 1st period - Off-side.
11:04 of 1st period - Luke Kunin wins face-off versus Michael McCarron in neutral zone.
11:09 of 1st period - Snap shot by Troy Terry.
11:09 of 1st period - Stopped by Connor Hellebyuk with a rebound.
11:11 of 1st period - Wrist shot by Luke Kunin.
11:11 of 1st period - Stopped by Connor Hellebyuk with a rebound.
11:15 of 1st period - Wrist shot by Mikhail Maltsev.
11:15 of 1st period - Stopped by Connor Hellebyuk without a rebound.
11:16 of 1st period - Adam Brooks wins face-off versus Logan Brown in Americans zone.
11:31 of 1st period - Snap shot by Adam Brooks.
11:31 of 1st period - Shot Blocked by Andrei Mironov.
12:28 of 1st period - Off-side.
12:29 of 1st period - Logan Brown wins face-off versus Ryan Fitzgerald in neutral zone.
12:38 of 1st period - Snap shot by Kailer Yamamoto.
12:38 of 1st period - Stopped by Connor Hellebyuk without a rebound.
12:39 of 1st period - Logan Brown wins face-off versus Adam Brooks in Americans zone.
12:46 of 1st period - Wrist shot by Logan Brown.
12:46 of 1st period - Shot Misses the Net.
12:48 of 1st period - Snap shot by Logan Brown.
12:48 of 1st period - Stopped by Connor Hellebyuk with a rebound.
12:50 of 1st period - Snap shot by Dylan DeMelo.
12:50 of 1st period - Shot Blocked by Devon Teows.
13:00 of 1st period - Slapshot by Logan Brown.
13:00 of 1st period - Stopped by Connor Hellebyuk without a rebound.
13:01 of 1st period - Ryan Fitzgerald wins face-off versus Morgan Frost in Americans zone.
13:34 of 1st period - Snap shot by Teemu Pulkkinen.
13:34 of 1st period - Goal by Teemu Pulkkinen - Gulls : 0 - Americans : 2.
13:35 of 1st period - Adam Brooks wins face-off versus Logan Brown in neutral zone.
13:39 of 1st period - Off-side.
13:40 of 1st period - Adam Brooks wins face-off versus Logan Brown in neutral zone.
13:45 of 1st period - Andrei Mironov is hit by Teemu Pulkkinen and loses puck.
15:12 of 1st period - Snap shot by Vladimir Tkachev.
15:12 of 1st period - Goal by Vladimir Tkachev - Gulls : 0 - Americans : 3.
15:13 of 1st period - Adam Brooks wins face-off versus Morgan Frost in neutral zone.
15:16 of 1st period - Sergey Tolchinsky is hit by Richard Nejezchleb and loses puck.
15:44 of 1st period - Snap shot by Vladimir Tkachev.
15:44 of 1st period - Shot Misses the Net.
15:46 of 1st period - Snap shot by Vladimir Tkachev.
15:46 of 1st period - Deflect By Daniel Sprong.
15:46 of 1st period - Stopped by Louis Domingue without a rebound.
15:47 of 1st period - Richard Nejezchleb wins face-off versus Luke Kunin in Gulls zone.
16:18 of 1st period - Snap shot by Michael McCarron.
16:18 of 1st period - Shot Misses the Net.
17:04 of 1st period - Snap shot by Scott Wilson.
17:04 of 1st period - Stopped by Connor Hellebyuk without a rebound.
17:05 of 1st period - Adam Brooks wins face-off versus Logan Brown in Americans zone.
17:18 of 1st period - Wrist shot by Teemu Pulkkinen.
17:18 of 1st period - Stopped by Louis Domingue with a rebound.
17:26 of 1st period - Teemu Pulkkinen is hit by Anton Blidh.
17:32 of 1st period - Dean Kukan is hit by Samuel Bolduc and loses puck.
18:14 of 1st period - Anton Blidh is hit by Teemu Pulkkinen and loses puck.
18:39 of 1st period - Snap shot by Logan Brown.
18:39 of 1st period - Goal by Logan Brown - Gulls : 1 - Americans : 3.
18:40 of 1st period - Ryan Fitzgerald wins face-off versus Luke Kunin in neutral zone.
18:43 of 1st period - Wrist shot by Daniel Sprong.
18:43 of 1st period - Shot Misses the Net.
18:45 of 1st period - Snap shot by Ryan Fitzgerald.
18:45 of 1st period - Shot Blocked by Andrei Mironov.
18:47 of 1st period - Snap shot by Vladimir Tkachev.
18:47 of 1st period - Shot Blocked by Andrei Mironov.
18:49 of 1st period - Wrist shot by Ryan Fitzgerald.
18:49 of 1st period - Stopped by Louis Domingue with a rebound.
18:51 of 1st period - Slapshot by Matt Grzelcyk.
18:51 of 1st period - Shot Blocked by Andrei Mironov.
19:07 of 1st period - Jacob Larsson is hit by Morgan Frost and loses puck.
Goals for this period are 1 for Gulls vs 3 for Americans.
Shots for this period are 8 for Gulls vs 14 for Americans.

2nd period


0:01 of 2nd period - Adam Brooks wins face-off versus Morgan Frost in neutral zone.
0:04 of 2nd period - Wrist shot by Teemu Pulkkinen.
0:04 of 2nd period - Stopped by Louis Domingue with a rebound.
0:10 of 2nd period - Richard Nejezchleb is hit by Sergey Tolchinsky and loses puck.
0:30 of 2nd period - Andrei Mironov is hit by Richard Nejezchleb and loses puck.
0:37 of 2nd period - Snap shot by Richard Nejezchleb.
0:37 of 2nd period - Stopped by Louis Domingue with a rebound.
1:05 of 2nd period - Slapshot by Adam Brooks.
1:05 of 2nd period - Shot Misses the Net.
1:07 of 2nd period - Snap shot by Adam Brooks.
1:07 of 2nd period - Stopped by Louis Domingue without a rebound.
1:08 of 2nd period - Morgan Frost wins face-off versus Ryan Fitzgerald in Gulls zone.
1:08 of 2nd period - Morgan Frost is hit by Vladimir Tkachev.
1:20 of 2nd period - Snap shot by Jakub Vrana.
1:20 of 2nd period - Shot Blocked by Dillon Heatherington.
1:22 of 2nd period - Slapshot by Dylan DeMelo.
1:22 of 2nd period - Deflect By Morgan Frost.
1:22 of 2nd period - Stopped by Connor Hellebyuk with a rebound.
1:24 of 2nd period - Snap shot by Sergey Tolchinsky.
1:24 of 2nd period - Stopped by Connor Hellebyuk without a rebound.
1:25 of 2nd period - Michael McCarron wins face-off versus Luke Kunin in Americans zone.
1:34 of 2nd period - Wrist shot by John Leonard.
1:34 of 2nd period - Shot Misses the Net.
1:36 of 2nd period - Snap shot by John Leonard.
1:36 of 2nd period - Stopped by Louis Domingue with a rebound.
2:10 of 2nd period - Off-side.
2:11 of 2nd period - Nathan Noel wins face-off versus Kailer Yamamoto in neutral zone.
2:56 of 2nd period - Minor Penalty to Markus Niemelainen for Interference.
2:57 of 2nd period - Adam Brooks wins face-off versus Luke Kunin in Gulls zone.
3:06 of 2nd period - Dean Kukan is hit by Adam Brooks and loses puck.
4:26 of 2nd period - Tarmo Reunanen is hit by Teemu Pulkkinen and loses puck.
4:56 of 2nd period - Penalty to Markus Niemelainen is over, Markus Niemelainen is back on ice.
5:03 of 2nd period - Snap shot by Pavel Dorofeyev.
5:03 of 2nd period - Stopped by Connor Hellebyuk with a rebound.
6:38 of 2nd period - Andrei Mironov is hit by Ryan Fitzgerald and loses puck.
6:49 of 2nd period - Dean Kukan is hit by Adam Brooks.
6:55 of 2nd period - Slapshot by Richard Nejezchleb.
6:55 of 2nd period - Stopped by Louis Domingue with a rebound.
6:57 of 2nd period - Slapshot by Samuel Bolduc.
6:57 of 2nd period - Deflect By Richard Nejezchleb.
6:57 of 2nd period - Stopped by Louis Domingue without a rebound.
6:58 of 2nd period - Morgan Frost wins face-off versus Michael McCarron in Gulls zone.
7:05 of 2nd period - Michael McCarron is hit by Morgan Frost and loses puck.
7:14 of 2nd period - Wrist shot by Morgan Frost.
7:14 of 2nd period - Shot Misses the Net.
7:31 of 2nd period - Wrist shot by Vladimir Tkachev.
7:31 of 2nd period - Stopped by Louis Domingue without a rebound.
7:32 of 2nd period - Anton Blidh wins face-off versus Adam Brooks in Gulls zone.
7:44 of 2nd period - Icing by Adam Brooks.
7:45 of 2nd period - Adam Brooks wins face-off versus Sergey Tolchinsky in Americans zone.
7:45 of 2nd period - Adam Brooks is hit by Morgan Frost.
7:56 of 2nd period - Minor Penalty to Jakub Vrana for Roughing.
7:57 of 2nd period - Adam Brooks wins face-off versus Luke Kunin in Gulls zone.
8:09 of 2nd period - Wrist shot by Adam Brooks.
8:09 of 2nd period - Goal by Adam Brooks - Gulls : 1 - Americans : 4.
8:10 of 2nd period - Adam Brooks wins face-off versus Morgan Frost in neutral zone.
8:36 of 2nd period - Daniel Sprong is hit by Troy Terry and loses puck.
8:57 of 2nd period - Slapshot by Devon Teows.
8:57 of 2nd period - Stopped by Louis Domingue with a rebound.
9:20 of 2nd period - Scott Wilson is hit by Jacob Larsson.
9:30 of 2nd period - Pavel Dorofeyev is hit by Richard Nejezchleb and loses puck.
10:03 of 2nd period - Snap shot by Mikhail Maltsev.
10:03 of 2nd period - Shot Blocked by Teemu Pulkkinen.
10:05 of 2nd period - Slapshot by Andrei Mironov.
10:05 of 2nd period - Deflect By Troy Terry.
10:05 of 2nd period - Shot Blocked by Nathan Noel.
10:05 of 2nd period - Puck is out of play.
10:06 of 2nd period - Morgan Frost wins face-off versus Ryan Fitzgerald in Americans zone.
10:32 of 2nd period - Dean Kukan is hit by John Leonard and loses puck.
11:04 of 2nd period - Slapshot by Troy Terry.
11:04 of 2nd period - Shot Misses the Net.
11:06 of 2nd period - Slapshot by Andrei Mironov.
11:06 of 2nd period - Shot Blocked by Adam Brooks.
11:22 of 2nd period - Snap shot by Vladimir Tkachev.
11:22 of 2nd period - Shot Misses the Net.
11:24 of 2nd period - Wrist shot by Vladimir Tkachev.
11:24 of 2nd period - Goal by Vladimir Tkachev - Gulls : 1 - Americans : 5.
11:24 of 2nd period - Eamon McAdam enters game.
11:25 of 2nd period - Morgan Frost wins face-off versus Adam Brooks in neutral zone.
11:50 of 2nd period - Matt Grzelcyk is hit by Anton Blidh and loses puck.
11:55 of 2nd period - Wrist shot by Logan Brown.
11:55 of 2nd period - Stopped by Connor Hellebyuk with a rebound.
12:26 of 2nd period - Minor Penalty to Alex Schoenborn for Tripping.
12:27 of 2nd period - Morgan Frost wins face-off versus Adam Brooks in Americans zone.
12:30 of 2nd period - Wrist shot by Morgan Frost.
12:30 of 2nd period - Shot Misses the Net.
12:32 of 2nd period - Slapshot by Andrei Mironov.
12:32 of 2nd period - Stopped by Connor Hellebyuk with a rebound.
12:34 of 2nd period - Snap shot by Kailer Yamamoto.
12:34 of 2nd period - Shot Misses the Net.
12:36 of 2nd period - Slapshot by Dean Kukan.
12:36 of 2nd period - Deflect By Morgan Frost.
12:36 of 2nd period - Shot Blocked by Teemu Pulkkinen.
12:36 of 2nd period - Puck is out of play.
12:37 of 2nd period - Teemu Pulkkinen wins face-off versus Morgan Frost in Americans zone.
12:48 of 2nd period - Wrist shot by Kailer Yamamoto.
12:48 of 2nd period - Deflect By Morgan Frost.
12:48 of 2nd period - Shot Blocked by Devon Teows.
12:48 of 2nd period - Puck is out of play.
12:49 of 2nd period - Morgan Frost wins face-off versus Teemu Pulkkinen in Americans zone.
12:50 of 2nd period - Wrist shot by Anton Blidh.
12:50 of 2nd period - Shot Misses the Net.
12:52 of 2nd period - Slapshot by Dean Kukan.
12:52 of 2nd period - Shot Misses the Net.
12:54 of 2nd period - Snap shot by Morgan Frost.
12:54 of 2nd period - Stopped by Connor Hellebyuk without a rebound.
12:55 of 2nd period - Morgan Frost wins face-off versus Teemu Pulkkinen in Americans zone.
12:56 of 2nd period - Snap shot by Kailer Yamamoto.
12:56 of 2nd period - Shot Misses the Net.
12:58 of 2nd period - Slapshot by Andrei Mironov.
12:58 of 2nd period - Shot Blocked by Devon Teows.
13:00 of 2nd period - Snap shot by Anton Blidh.
13:00 of 2nd period - Deflect By Kailer Yamamoto.
13:00 of 2nd period - Stopped by Connor Hellebyuk without a rebound.
13:01 of 2nd period - Teemu Pulkkinen wins face-off versus Morgan Frost in Americans zone.
13:32 of 2nd period - Snap shot by Dylan DeMelo.
13:32 of 2nd period - Shot Misses the Net.
13:34 of 2nd period - Wrist shot by Logan Brown.
13:34 of 2nd period - Stopped by Connor Hellebyuk with a rebound.
13:36 of 2nd period - Snap shot by Sergey Tolchinsky.
13:36 of 2nd period - Stopped by Connor Hellebyuk without a rebound.
13:37 of 2nd period - Logan Brown wins face-off versus Teemu Pulkkinen in Americans zone.
13:40 of 2nd period - Snap shot by Sergey Tolchinsky.
13:40 of 2nd period - Stopped by Connor Hellebyuk with a rebound.
14:26 of 2nd period - Penalty to Alex Schoenborn is over, Alex Schoenborn is back on ice.
15:03 of 2nd period - Scott Wilson is hit by Ryan Fitzgerald and loses puck.
16:26 of 2nd period - Richard Nejezchleb is hit by Jakub Vrana and loses puck.
17:03 of 2nd period - Snap shot by Ryan Fitzgerald.
17:03 of 2nd period - Shot Misses the Net.
17:45 of 2nd period - Morgan Frost is hit by Spencer Stastney and loses puck.
17:59 of 2nd period - Double Minor Penalty to John Leonard for Slashing.
18:00 of 2nd period - Teemu Pulkkinen wins face-off versus Morgan Frost in Americans zone.
18:11 of 2nd period - Slapshot by Kailer Yamamoto.
18:11 of 2nd period - Stopped by Connor Hellebyuk with a rebound.
Goals for this period are 0 for Gulls vs 2 for Americans.
Shots for this period are 11 for Gulls vs 10 for Americans.

3rd period


0:01 of 3rd period - Morgan Frost wins face-off versus Teemu Pulkkinen in neutral zone.
0:06 of 3rd period - Snap shot by Anton Blidh.
0:06 of 3rd period - Goal by Anton Blidh - Gulls : 2 - Americans : 5.
0:07 of 3rd period - Adam Brooks wins face-off versus Kailer Yamamoto in neutral zone.
0:10 of 3rd period - Snap shot by Teemu Pulkkinen.
0:10 of 3rd period - Shot Hit the Post.
0:31 of 3rd period - Icing by Teemu Pulkkinen.
0:32 of 3rd period - Morgan Frost wins face-off versus Ryan Fitzgerald in Americans zone.
1:03 of 3rd period - Wrist shot by Adam Brooks.
1:03 of 3rd period - Deflect By Teemu Pulkkinen.
1:03 of 3rd period - Stopped by Eamon McAdam with a rebound.
1:05 of 3rd period - Snap shot by Teemu Pulkkinen.
1:05 of 3rd period - Shot Misses the Net.
1:13 of 3rd period - Minor Penalty to Jack Glover for High sticking.
1:14 of 3rd period - Adam Brooks wins face-off versus Luke Kunin in Gulls zone.
3:13 of 3rd period - Penalty to Jack Glover is over, Jack Glover is back on ice.
4:11 of 3rd period - Snap shot by Luke Kunin.
4:11 of 3rd period - Stopped by Connor Hellebyuk without a rebound.
4:12 of 3rd period - Nathan Noel wins face-off versus Jakub Vrana in Americans zone.
5:07 of 3rd period - Slapshot by Adam Brooks.
5:07 of 3rd period - Stopped by Eamon McAdam without a rebound.
5:08 of 3rd period - Kirby Dach wins face-off versus Adam Brooks in Gulls zone.
5:29 of 3rd period - Kirby Dach is hit by Spencer Stastney and loses puck.
5:38 of 3rd period - Slapshot by Matt Grzelcyk.
5:38 of 3rd period - Deflect By Alex Schoenborn.
5:38 of 3rd period - Stopped by Eamon McAdam without a rebound.
5:39 of 3rd period - Ryan Fitzgerald wins face-off versus Morgan Frost in Gulls zone.
6:13 of 3rd period - Snap shot by Logan Brown.
6:13 of 3rd period - Shot Misses the Net.
6:23 of 3rd period - Wrist shot by Troy Terry.
6:23 of 3rd period - Deflect By Mikhail Maltsev.
6:23 of 3rd period - Goal by Mikhail Maltsev - Gulls : 3 - Americans : 5.
6:24 of 3rd period - Adam Brooks wins face-off versus Morgan Frost in neutral zone.
6:31 of 3rd period - Wrist shot by Adam Brooks.
6:31 of 3rd period - Deflect By Sergey Tolchinsky.
6:31 of 3rd period - Stopped by Eamon McAdam without a rebound.
6:32 of 3rd period - Adam Brooks wins face-off versus Morgan Frost in Gulls zone.
6:37 of 3rd period - Snap shot by Teemu Pulkkinen.
6:37 of 3rd period - Deflect By Adam Brooks.
6:37 of 3rd period - Shot Hit the Post.
6:37 of 3rd period - Puck is out of play.
6:38 of 3rd period - Adam Brooks wins face-off versus Luke Kunin in Gulls zone.
6:49 of 3rd period - Teemu Pulkkinen is hit by Mikhail Maltsev.
7:03 of 3rd period - Dean Kukan is hit by Michael McCarron and loses puck.
7:16 of 3rd period - Wrist shot by Michael McCarron.
7:16 of 3rd period - Stopped by Eamon McAdam without a rebound.
7:17 of 3rd period - Adam Brooks wins face-off versus Logan Brown in Gulls zone.
7:44 of 3rd period - Jakub Vrana is hit by Matt Grzelcyk and loses puck.
7:51 of 3rd period - Slapshot by Jakub Vrana.
7:51 of 3rd period - Shot Misses the Net.
8:11 of 3rd period - Slapshot by Matt Grzelcyk.
8:11 of 3rd period - Shot Misses the Net.
8:45 of 3rd period - Snap shot by Sergey Tolchinsky.
8:45 of 3rd period - Shot Misses the Net.
9:05 of 3rd period - Wrist shot by Mikhail Maltsev.
9:05 of 3rd period - Stopped by Connor Hellebyuk with a rebound.
9:07 of 3rd period - Wrist shot by Troy Terry.
9:07 of 3rd period - Shot Misses the Net.
9:36 of 3rd period - Off-side.
9:37 of 3rd period - Ryan Fitzgerald wins face-off versus Logan Brown in neutral zone.
10:12 of 3rd period - Snap shot by Jakub Vrana.
10:12 of 3rd period - Shot Blocked by Samuel Bolduc.
10:14 of 3rd period - Snap shot by Jack Glover.
10:14 of 3rd period - Stopped by Connor Hellebyuk with a rebound.
10:16 of 3rd period - Snap shot by Jakub Vrana.
10:16 of 3rd period - Goal by Jakub Vrana - Gulls : 4 - Americans : 5.
10:17 of 3rd period - Ryan Fitzgerald wins face-off versus Kailer Yamamoto in neutral zone.
10:59 of 3rd period - Wrist shot by Vladimir Tkachev.
10:59 of 3rd period - Stopped by Eamon McAdam with a rebound.
11:01 of 3rd period - Wrist shot by Ryan Fitzgerald.
11:01 of 3rd period - Stopped by Eamon McAdam with a rebound.
11:03 of 3rd period - Backhand shot by Vladimir Tkachev.
11:03 of 3rd period - Deflect By Mikhail Maltsev.
11:03 of 3rd period - Shot Misses the Net.
11:03 of 3rd period - Puck is out of play.
11:04 of 3rd period - Morgan Frost wins face-off versus Adam Brooks in Gulls zone.
11:04 of 3rd period - Morgan Frost is hit by Jacob Larsson.
11:07 of 3rd period - Icing by Dylan DeMelo.
11:08 of 3rd period - Morgan Frost wins face-off versus Teemu Pulkkinen in Gulls zone.
12:00 of 3rd period - Snap shot by Luke Kunin.
12:00 of 3rd period - Stopped by Connor Hellebyuk with a rebound.
12:02 of 3rd period - Snap shot by Troy Terry.
12:02 of 3rd period - Stopped by Connor Hellebyuk with a rebound.
12:04 of 3rd period - Snap shot by Troy Terry.
12:04 of 3rd period - Goal by Troy Terry - Gulls : 5 - Americans : 5.
12:05 of 3rd period - Logan Brown wins face-off versus Richard Nejezchleb in neutral zone.
12:09 of 3rd period - Slapshot by Andrei Mironov.
12:09 of 3rd period - Shot Blocked by Richard Nejezchleb.
12:11 of 3rd period - Snap shot by Logan Brown.
12:11 of 3rd period - Stopped by Connor Hellebyuk without a rebound.
12:12 of 3rd period - Adam Brooks wins face-off versus Logan Brown in Americans zone.
12:32 of 3rd period - Devon Teows is hit by Anton Blidh and loses puck.
12:45 of 3rd period - Wrist shot by Anton Blidh.
12:45 of 3rd period - Stopped by Connor Hellebyuk with a rebound.
12:47 of 3rd period - Snap shot by Dean Kukan.
12:47 of 3rd period - Deflect By Dillon Heatherington.
12:47 of 3rd period - Stopped by Connor Hellebyuk with a rebound.
12:49 of 3rd period - Slapshot by Andrei Mironov.
12:49 of 3rd period - Shot Blocked by Teemu Pulkkinen.
12:51 of 3rd period - Snap shot by Dean Kukan.
12:51 of 3rd period - Shot Blocked by Teemu Pulkkinen.
12:53 of 3rd period - Snap shot by Andrei Mironov.
12:53 of 3rd period - Deflect By Logan Brown.
12:53 of 3rd period - Shot Blocked by Dillon Heatherington.
12:53 of 3rd period - Puck is out of play.
12:54 of 3rd period - Sergey Tolchinsky wins face-off versus Daniel Sprong in Americans zone.
13:19 of 3rd period - Spencer Stastney is hit by Dylan DeMelo and loses puck.
13:24 of 3rd period - Wrist shot by Mikhail Maltsev.
13:24 of 3rd period - Stopped by Connor Hellebyuk without a rebound.
13:25 of 3rd period - Adam Brooks wins face-off versus Luke Kunin in Americans zone.
14:23 of 3rd period - Minor Penalty to Anton Blidh for Delaying the game.
14:24 of 3rd period - Adam Brooks wins face-off versus Luke Kunin in Gulls zone.
14:24 of 3rd period - Snap shot by Teemu Pulkkinen.
14:24 of 3rd period - Shot Misses the Net.
14:26 of 3rd period - Slapshot by Dillon Heatherington.
14:26 of 3rd period - Stopped by Eamon McAdam with a rebound.
14:28 of 3rd period - Wrist shot by Teemu Pulkkinen.
14:28 of 3rd period - Stopped by Eamon McAdam with a rebound.
14:30 of 3rd period - Snap shot by Teemu Pulkkinen.
14:30 of 3rd period - Shot Misses the Net.
14:58 of 3rd period - Snap shot by Vladimir Tkachev.
14:58 of 3rd period - Shot Misses the Net.
15:37 of 3rd period - Markus Niemelainen is hit by Daniel Sprong and loses puck.
16:18 of 3rd period - Morgan Frost is hit by Michael McCarron and loses puck.
16:23 of 3rd period - Penalty to Anton Blidh is over, Anton Blidh is back on ice.
17:40 of 3rd period - Anton Blidh is hit by Richard Nejezchleb and loses puck.
18:07 of 3rd period - Snap shot by Luke Kunin.
18:07 of 3rd period - Stopped by Connor Hellebyuk without a rebound.
18:08 of 3rd period - Mikhail Maltsev wins face-off versus Maxim Mamin in Americans zone.
18:21 of 3rd period - Dylan DeMelo is hit by Samuel Bolduc.
18:30 of 3rd period - Icing by Samuel Bolduc.
18:31 of 3rd period - Adam Brooks wins face-off versus Logan Brown in Americans zone.
18:44 of 3rd period - Samuel Bolduc is hit by Anton Blidh and loses puck.
19:08 of 3rd period - Wrist shot by Troy Terry.
19:08 of 3rd period - Stopped by Connor Hellebyuk with a rebound.
19:10 of 3rd period - Snap shot by Andrei Mironov.
19:10 of 3rd period - Deflect By Devon Teows.
19:10 of 3rd period - Stopped by Connor Hellebyuk without a rebound.
19:11 of 3rd period - Logan Brown wins face-off versus Michael McCarron in Americans zone.
19:24 of 3rd period - Slapshot by Michael McCarron.
19:24 of 3rd period - Shot Blocked by Dylan DeMelo.
19:36 of 3rd period - Dillon Heatherington is hit by Troy Terry and loses puck.
Goals for this period are 4 for Gulls vs 0 for Americans.
Shots for this period are 16 for Gulls vs 9 for Americans.

Overtime #1


0:01 of 1st overtime period - Adam Brooks wins face-off versus Jakub Vrana in neutral zone.
0:04 of 1st overtime period - Slapshot by Dillon Heatherington.
0:04 of 1st overtime period - Shot Blocked by Dean Kukan.
0:14 of 1st overtime period - Snap shot by Logan Brown.
0:14 of 1st overtime period - Shot Misses the Net.
0:16 of 1st overtime period - Slapshot by Dean Kukan.
0:16 of 1st overtime period - Shot Blocked by Dillon Heatherington.
0:26 of 1st overtime period - Anton Blidh is hit by Ryan Fitzgerald and loses puck.
0:46 of 1st overtime period - Icing by Anton Blidh.
0:47 of 1st overtime period - Kailer Yamamoto wins face-off versus Adam Brooks in Gulls zone.
1:02 of 1st overtime period - Slapshot by Logan Brown.
1:02 of 1st overtime period - Stopped by Connor Hellebyuk with a rebound.
1:13 of 1st overtime period - Off-side.
1:14 of 1st overtime period - Ryan Fitzgerald wins face-off versus Kailer Yamamoto in neutral zone.
1:21 of 1st overtime period - Wrist shot by Ryan Fitzgerald.
1:21 of 1st overtime period - Stopped by Eamon McAdam with a rebound.
1:44 of 1st overtime period - Wrist shot by Logan Brown.
1:44 of 1st overtime period - Goal by Logan Brown - Gulls : 6 - Americans : 5.
Goals for this period are 1 for Gulls vs 0 for Americans.
Shots for this period are 2 for Gulls vs 1 for Americans.